 Dungeon Crawl Stone Soup version 0.28.0-47-ge53b351184 (webtiles) character file.

Game seed: 5835661254409265782

42913 croobank the Fighter (level 13, 0/123 HPs)
             Began as a Minotaur Fighter on Apr 30, 2022.
             Was an Initiate of Gozag.
             Slain by Rupert
             ... wielding a +3 vorpal great mace
              (1 damage)
             ... on level 6 of the Lair of Beasts.
             The game lasted 01:33:38 (24054 turns).

croobank the Fighter (Minotaur Fighter)            Turns: 24054, Time: 01:33:39

Health: 0/123      AC: 24    Str: 26    XL:     13   Next: 88%
Magic:  12/12      EV:  8    Int:  5    God:    Gozag
Gold:   1859       SH:  7    Dex: 10    Spells: 12/12 levels left

rFire   + . .      SeeInvis .   J - +7 morningstar (vorpal)
rCold   . . .      Faith    .   c - +0 buckler
rNeg    . . .      Spirit   .   x - +5 chain mail
rPois   +          Reflect  .   k - +2 hat
rElec   .          Harm     .   B - +1 cloak
rCorr   .          Rampage  .   g - +0 pair of gloves
Will    .....                   (no boots)
Stlth   ..........              (no amulet)
HPRegen 0.30/turn               S - ring of protection from fire
MPRegen 0.13/turn               N - ring of poison resistance

@: silenced
A: horns 2, retaliatory headbutt
a: Renounce Religion


You were on level 6 of the Lair of Beasts.
You worshipped Gozag.
Gozag was most pleased with you.
You visited 2 branches of the dungeon, and saw 17 of its levels.
You also visited: Gauntlet.

You collected 3932 gold pieces.
You spent 200 gold pieces at shops.
You paid 1873 gold pieces to Gozag.

Inventory:

Hand Weapons
 b - a +4 hunting sling
 j - a +1 dagger of venom
 s - a +2 vorpal great sword
 t - a +0 hand crossbow
 z - a +2 battleaxe
 A - a +1 war axe
 G - a +5 vorpal spear
 J - a +7 vorpal morningstar (weapon)
Missiles
 d - 6 poisoned darts (quivered)
 e - 197 arrows
 f - 515 stones
 o - 139 sling bullets
 y - 42 bolts
 M - 13 javelins
Armour
 c - a +0 buckler (worn)
 g - a +0 pair of gloves (worn)
 k - a +2 hat (worn)
 q - the +1 scale mail of the Fiddle {rF+}
   (You found it on level 2 of the Dungeon)

   rF:        It protects you from fire.
 v - a +1 robe of resistance
 x - a +5 chain mail (worn)
 B - a +1 cloak (worn)
Jewellery
 h - the ring "Momyisch" {Ice Int+8}
   (You found it in a Gauntlet)

   [ring of ice]

   It enhances your ice magic.
   Int:       It affects your intelligence (+8).
   rF:        It makes you vulnerable to fire.
   rC:        It protects you from cold.
 N - a ring of poison resistance (right hand)
 O - a ring of positive energy
 P - a ring of see invisible
 S - a ring of protection from fire (left hand)
Wands
 n - a wand of acid (4)
 F - a wand of flame (33)
 H - a wand of polymorph (6)
 L - a wand of iceblast (3)
 R - a wand of paralysis (5)
Scrolls
 l - 4 scrolls of amnesia
 m - 2 scrolls of immolation
 r - 4 scrolls of teleportation
 E - a scroll of torment
 I - 5 scrolls of identify
 W - a scroll of silence
Potions
 a - 4 potions of magic
 p - 3 potions of curing
 u - 2 potions of brilliance
 w - 2 potions of lignification
 C - a potion of mutation
 D - 2 potions of flight
 K - a potion of heal wounds
 U - a potion of haste
 V - 8 potions of ambrosia
Miscellaneous
 i - a condenser vane
 T - a lightning rod (4/4)


   Skills:
 + Level 13.7 Fighting
 - Level 13.3(13.5) Axes
 * Level 3.5(9.3) Maces & Flails
 + Level 13.7 Armour
 + Level 13.7 Shields
 + Level 9.3 Evocations


You had 12 spell levels left.
You didn't know any spells.
Your spell library contained the following spells:

 Spells                   Type           Power      Damage    Failure   Level
 Freeze                   Ice            0%         1d3       94%         1
 Magic Dart               Conj           0%         1d3       94%         1
 Call Imp                 Summ           0%         N/A       98%         2
 Corpse Rot               Necr/Air       0%         N/A       98%         2
 Poisonous Vapours        Pois/Air       0%         N/A       98%         2
 Static Discharge         Conj/Air       0%         N/A       98%         2
 Frozen Ramparts          Ice            0%         1d2       100%        3
 Mephitic Cloud           Conj/Pois/Air  0%         N/A       100%        3
 Ozocubu's Armour         Ice            0%         N/A       100%        3
 Stone Arrow              Conj/Erth      0%         3d7       100%        3
 Summon Guardian Golem    Hex/Summ       0%         N/A       100%        3
 Tukima's Dance           Hex            0%         N/A       100%        3
 Hailstorm                Conj/Ice       0%         3d3       100%        4
 Ice Form                 Ice/Tmut       0%         N/A       100%        4
 Iskenderun's Mystic Bla  Conj/Tloc      0%         2d3       100%        4
 Leda's Liquefaction      Hex/Erth       0%         N/A       100%        4
 Passage of Golubria      Tloc           0%         N/A       100%        4
 Summon Ice Beast         Ice/Summ       0%         N/A       100%        4
 Lee's Rapid Deconstruct  Erth           0%         3d5*      100%        5
 Lightning Bolt           Conj/Air       0%         1d11      100%        5
 Metabolic Englaciation   Hex/Ice        0%         N/A       100%        5
 Yara's Violent Unravell  Hex/Tmut       0%         3d3       100%        5
 Simulacrum               Ice/Necr       0%         N/A       100%        6
 Statue Form              Tmut/Erth      0%         N/A       100%        6
 Orb of Destruction       Conj           0%         9d5       100%        7
 Ozocubu's Refrigeration  Ice            0%         4d5       100%        7
 Spellforged Servitor     Conj/Summ      0%         N/A       100%        7
 Shatter                  Erth           0%         3d5*      100%        9


Dungeon Overview and Level Annotations

Branches:
Dungeon (11/15)            Temple (0/1) D:7            Lair (6/6) D:9
 Shoals (0/4) Lair:4        Snake (0/4) Lair:4        Slime (0/5) Lair:5
Gauntlet (visited)
    Orc: D:9-12

Altars:
Elyvilon
Gozag
Trog
Wu Jian
Yredelemnul
The Shining One

Shops:
D:4 *   D:9 ==

Annotations:
Lair:1 2 transporters, AverageBear's ghost, journeyman DDFi
Lair:2 exclusion: 2 oklob plants
Lair:5 exclusion: 2 oklob plants
Lair:6 Rupert


Innate Abilities, Weirdness & Mutations

You have a pair of horns on your head.
You reflexively headbutt those who attack you in melee.


Message History

You thump Rupert!
Rupert is moderately wounded.
Rupert hits you but does no damage.
You sock Rupert!
Rupert is heavily wounded.
You block Rupert's attack. Rupert completely misses you.
You furiously retaliate!
You headbutt Rupert! You thump Rupert!
Rupert is severely wounded.
Rupert barely misses you.
You hit Rupert. You headbutt Rupert, but do no damage.
Rupert is severely wounded.
Rupert hits you with a +3 vorpal great mace!!!
Rupert hits you with a +3 vorpal great mace!!
You impale Rupert!! Your headbutt misses Rupert.
Rupert is severely wounded.
Rupert hits you with a +3 vorpal great mace!
* * * LOW HITPOINT WARNING * * *
You sock Rupert!
Rupert is almost dead.
Rupert is no longer covered in acid.
Rupert closely misses you. You block Rupert's attack.
Aiming: Corrosive Bolt
Press: ? - help, Shift-Dir - straight line, f/p - Rupert
Aim: Rupert, wielding a +3 vorpal great mace and wearing a +0 leather armour (silenced, almost dead, berserk, 74% to hit)
The bolt of acid hits Rupert!
Rupert is almost dead.
Rupert barely misses you.
Aiming: Iceblast
Press: ? - help, Shift-Dir - straight line, p - Rupert
Okay, then.
Aiming: Throw Flame
Press: ? - help, Shift-Dir - straight line, f/p - Rupert
Aim: Rupert, wielding a +3 vorpal great mace and wearing a +0 leather armour (silenced, almost dead, berserk, 76% to hit)
The puff of flame hits Rupert!
Rupert is almost dead.
Rupert hits you with a +3 vorpal great mace!!
* * * LOW HITPOINT WARNING * * *
You die...
Your body crumbles into a pile of gold.

.##P.P#P.....##P..PP.#
###PP................#
#......#....###...#.#
##....#....## ....###
##....##...## #...#
#....##.....###...# #
#..#.####..#.##..##.###
#.PP.###....###..P...PP
##..P.##P...###.@@......
#P...........P......##..
#...#...................
........P...P...........
#...........<....###...#
##...........P....# ####
#............####...
##...P.....### ....
#.........# ..#.


You could see Rupert (berserk).

Vanquished Creatures
  A minotaur (Gauntlet)
  3 hydras
  A hell beast (Gauntlet)
  A boulder beetle (Lair:5)
  2 two-headed ogres
  Urug (D:10)
  2 death yaks (D:9)
  A sixfirhy (Gauntlet)
  2 lindwurms (Lair:3)
  9 elephants
  Joseph (D:8)
  A merfolk siren (Lair:4)
  2 black mambas
  12 cane toads
  2 torpor snails
  Maggie (D:8)
  An unseen horror (D:10)
  2 rime drakes
  A rime drake (shapeshifter) (D:10)
  9 komodo dragons
  A queen bee (Lair:3)
  Prince Ribbit (D:7)
  A polar bear (Lair:4)
  22 blink frogs
  4 shadows (Gauntlet)
  39 yaks
  5 wyverns
  Eustachio (D:6)
  Grum (D:10)
  2 basilisks
  A steam dragon (D:10)
  10 water moccasins
  A naga (Lair:4)
  An acid dragon (D:10)
  2 sky beasts
  A floating eye (Lair:2)
  2 orc warriors
  An ice beast (D:5)
  2 necrophages
  2 black bears (D:5)
  3 ogres
  17 wolves
  3 centaurs
  A phantom (D:4)
  23 bullfrogs
  A gnoll sergeant (D:6)
  A wyvern zombie (D:6)
  10 wights
  29 killer bees
  5 howler monkeys
  2 electric eels (Lair:2)
  A centaur zombie (D:6)
  A bullfrog skeleton (D:5)
  2 jellies (D:6)
  7 orc priests
  2 centaur skeletons
  A gnoll shaman (D:7)
  A hound (D:3)
  Jessica (D:2)
  5 orc wizards
  A hound skeleton (D:4)
  A hound zombie (D:5)
  A howler monkey zombie (D:8)
  Robin (D:4)
  4 adders
  10 gnolls
  5 ufetubi
  3 dart slugs
  29 orcs
  3 bats
  6 endoplasms
  A giant cockroach (D:1)
  25 goblins
  12 hobgoblins
  4 jackals (D:1)
  16 kobolds
  4 quokkas
  6 ball pythons
  11 frilled lizards
  2 rats
  A spectral orc (D:4)
  4 toadstools (D:1)
421 creatures vanquished.

Vanquished Creatures (collateral kills)
  Erolcha (D:10)
  A hydra (D:10)
  An ugly thing (D:10)
  A cane toad (Lair:4)
  A basilisk (Lair:4)
  A naga (Lair:4)
  A centaur (D:10)
7 creatures vanquished.

Vanquished Creatures (others)
  A basilisk (Lair:1)
  A naga (Lair:4)
  2 killer bees (Lair:2)
  15 demonic plants (Gauntlet)
  59 fungi
  44 plants
122 creatures vanquished.

Grand Total: 550 creatures vanquished

Notes
Turn   | Place    | Note
-------+----------+-------------------------------------------
     0 | D:1      | croobank the Minotaur Fighter began the quest for the Orb.
     0 | D:1      | Reached XP level 1. HP: 19/19 MP: 0/0
   226 | D:1      | Reached XP level 2. HP: 17/27 MP: 1/1
   689 | D:1      | Reached XP level 3. HP: 33/33 MP: 2/2
  1092 | D:2      | Identified the +1 scale mail of the Fiddle {rF+}
  1150 | D:2      | Noticed an ogre
  1151 | D:2      | Found a faded altar of an unknown god.
  1157 | D:2      | Killed an ogre
  1158 | D:2      | Reached XP level 4. HP: 25/41 MP: 3/3
  1297 | D:2      | Noticed an ogre
  1301 | D:2      | HP: 1/41 [ogre/+0 giant spiked club (7)]
  1609 | D:2      | Killed an ogre
  1610 | D:2      | Reached XP level 5. HP: 19/47 MP: 4/4
  1819 | D:2      | Noticed Jessica
  1829 | D:2      | Killed Jessica
  1830 | D:2      | Reached skill level 5 in Fighting
  1830 | D:2      | Reached skill level 5 in Armour
  1830 | D:2      | Reached skill level 5 in Shields
  1992 | D:2      | You fall into a shaft and drop 1 floor!
  2062 | D:3      | Reached XP level 6. HP: 52/56 MP: 5/5
  2084 | D:3      | Found an ornate altar of the Wu Jian Council.
  3200 | D:4      | Found a basalt altar of Yredelemnul.
  3200 | D:4      | Noticed Robin
  3228 | D:4      | Killed Robin
  3272 | D:4      | Found an opulent altar of Gozag.
  3288 | D:4      | Became a worshipper of Gozag Ym Sagoz the Greedy
  3656 | D:4      | Found Laavvuum's Neck Hole.
  3735 | D:4      | Reached skill level 5 in Axes
  3735 | D:4      | Reached XP level 7. HP: 38/62 MP: 6/6
  4128 | D:5      | Entered Level 5 of the Dungeon
  5140 | D:5      | Reached XP level 8. HP: 60/71 MP: 7/7
  5916 | D:6      | Reached skill level 1 in Evocations
  6398 | D:6      | Noticed a two-headed ogre
  6408 | D:6      | Killed a two-headed ogre
  6409 | D:6      | Reached XP level 9. HP: 19/80 MP: 8/8
  7361 | D:6      | Found a white marble altar of Elyvilon.
  7363 | D:6      | Found a glowing golden altar of the Shining One.
  7394 | D:6      | Noticed Eustachio
  7421 | D:6      | Killed Eustachio
  7887 | D:7      | Found a staircase to the Ecumenical Temple.
  8287 | D:7      | Noticed Prince Ribbit
  8315 | D:7      | Killed Prince Ribbit
  8316 | D:7      | Reached XP level 10. HP: 75/91 MP: 9/9
  8705 | D:8      | Noticed Joseph
  8720 | D:8      | Killed Joseph
  8806 | D:8      | Found a bloodstained altar of Trog.
  9381 | D:8      | Noticed Maggie
  9396 | D:8      | Killed Maggie
  9811 | D:9      | Found a staircase to the Lair.
  9906 | D:9      | Reached skill level 5 in Evocations
 10619 | D:9      | Reached skill level 10 in Fighting
 10619 | D:9      | Reached skill level 10 in Armour
 10717 | D:9      | Reached skill level 10 in Shields
 10819 | D:10     | Entered Level 10 of the Dungeon
 10851 | D:10     | Noticed an eight-headed hydra
 10856 | D:10     | Noticed a white ugly thing
 10860 | D:10     | Killed an eight-headed hydra
 10865 | D:10     | Noticed Grum
 10868 | D:10     | Killed a white ugly thing
 10869 | D:10     | Reached XP level 11. HP: 71/100 MP: 10/10
 11088 | D:10     | Killed Grum
 11089 | D:10     | Reached skill level 10 in Axes
 11678 | D:10     | Noticed Maurice
 11680 | D:10     | Noticed Maurice
 11680 | D:10     | Maurice changed into Maurice the steam dragon
 11684 | D:10     | Killed Maurice the steam dragon
 11766 | D:10     | Noticed Erolcha
 11773 | D:10     | Killed Erolcha
 11821 | D:10     | Noticed a two-headed ogre
 11826 | D:10     | Killed a two-headed ogre
 12139 | D:10     | Noticed Urug
 12150 | D:10     | Killed Urug
 12666 | Lair:1   | Entered Level 1 of the Lair of Beasts
 12676 | Lair:1   | Noticed a death yak
 13005 | D:9      | Bought a ring of poison resistance for 200 gold pieces
 13008 | Lair:1   | Noticed a death yak
 13018 | D:9      | Killed a death yak
 13130 | D:9      | Killed a death yak
 13656 | Lair:1   | Found the +0 staff of Battle
 13664 | Lair:1   | Noticed AverageBear's ghost (journeyman DDFi)
 13665 | Lair:1   | Found a transporter.
 13670 | Lair:1   | Found a transporter.
 14039 | Lair:1   | Reached XP level 12. HP: 57/110 MP: 11/11
 14872 | Lair:2   | Found a gate leading to a gauntlet.
 14884 | Gauntlet | Entered a Gauntlet
 14884 | Gauntlet | Found a transporter.
 14884 | Gauntlet | Found a transporter.
 14903 | Gauntlet | Found a transporter.
 15144 | Gauntlet | Found a transporter.
 15151 | Gauntlet | Noticed a hell beast
 15156 | Gauntlet | Found a transporter.
 15166 | Gauntlet | Found a transporter.
 15172 | Gauntlet | Killed a hell beast
 15488 | Gauntlet | Found a transporter.
 15509 | Gauntlet | Identified the ring "Momyisch" {Ice Int+8}
 15517 | Gauntlet | Noticed a minotaur
 15519 | Gauntlet | Found a transporter.
 15537 | Gauntlet | Killed a minotaur
 15553 | Gauntlet | Got Ucoskinu's Incunabulum of Greatest Risks and Utility
 15553 | Gauntlet | Got the Tome of Confrontation
 15985 | Lair:2   | Noticed a six-headed hydra
 15990 | Lair:2   | Killed a six-headed hydra
 19155 | Lair:3   | Reached XP level 13. HP: 119/119 MP: 12/12
 19475 | Lair:4   | Found a staircase to the Snake Pit.
 21062 | Lair:4   | Found a staircase to the Shoals.
 22728 | Lair:5   | Found a staircase to the Slime Pits.
 23240 | Lair:6   | Entered Level 6 of the Lair of Beasts
 23253 | Lair:6   | Reached skill level 1 in Maces & Flails
 24041 | Lair:6   | Noticed Rupert
 24054 | Lair:6   | HP: 1/123 [Rupert/+3 vorpal great mace (35)]
 24054 | Lair:6   | Slain by Rupert

Illustrated notes

Levels and vault maps discovered:
D:1:      ldierk_water_garden, layout_basic, minmay_lizard_pond
D:2:      layout_loops_corners, shapermc_ecumenical_altar_pompeii,
          corexii_corridor_pit, uniq_jessica
D:3:      layout_loops_corners, mainiacjoe_overflow_alcove_1, grunt_ministairs_6
D:4:      layout_loops_ring, mainiacjoe_overflow_tiny_flanked,
          yredelemnul_forgotten_temple_becter,
          nicolae_shop_sticking_my_neck_out, uniq_robin
D:5:      corexii_shantytown, layout_basic
D:6:      layout_cave_pools, nicolae_overflow_squiral,
          minmay_misc_feat_enclosed, minmay_holes, uniq_eustachio
D:7:      layout_loops_ring, temple_fountains, st_stairs_2, uniq_prince_ribbit1
D:8:      layout_basic, trog_hazing_becter, serial_rivers,
          chequers_serial_rivers_small_3, chequers_serial_rivers_large_a,
          chequers_serial_rivers_micro_c, chequers_serial_rivers_micro_b,
          chequers_serial_rivers_small_3, uniq_maggie, uniq_joseph
D:9:      layout_cross, dpeg_oklobed_lair, hangedman_decor_slide_cut
D:10:     layout_roguey, evilmike_butchery, uniq_grum, uniq_urug, uniq_maurice,
          uniq_erolcha
D:11:     layout_rooms, tgw_xom, uniq_gastronok
Lair:1:   layout_loops_ring, gammafunk_ghost_hive, lemuel_fruit_tree
Lair:2:   layout_loops_ring, gauntlet_entry_generic, disabler_island,
          serial_bayou_shore_a
Lair:3:   layout_roguey [special_room_bee], infiniplex_staircase_pool_2,
          grunt_megastairs_2
Lair:4:   layout_cave_shapes, minmay_shoals_entry_lonely_mermaid,
          minmay_snake_entry_guardpost_small
Lair:5:   layout_loops_ring, minmay_slime_entry_oklob_open, grunt_megastairs_5
Lair:6:   grunt_lair_end_beastmaster, layout_loops_ring, uniq_rupert

Skill      XL: |  1  2  3  4  5  6  7  8  9 10 11 12 13 |
---------------+----------------------------------------+-----
Fighting       | 4 5 6 7 9 10 11 12 13 | 13.7
Armour         | 4 5 6 7 9 10 11 12 13 | 13.7
Shields        | 4 5 6 7 9 10 11 12 13 | 13.7
Axes           | 3 4 5 6 7 8 9 11 12 13 | 13.3
Evocations     | 2 4 5 7 8 9 |  9.3
Maces & Flails | 3 |  3.5

Action                   |  1- 3 |  4- 6 |  7- 9 | 10-12 | 13-15 || total
-------------------------+-------+-------+-------+-------+-------++-------
Melee: War axe           |    72 |    86 |   262 |    32 |       ||   452
       Headbutt          |     4 |    17 |    41 |   139 |    79 ||   280
       Spear             |       |       |       |    83 |       ||    83
       Morningstar       |       |       |       |   535 |   293 ||   828
 Fire: Hunting sling     |       |       |     6 |       |       ||     6
Throw: Stone             |       |    10 |       |       |       ||    10
       Throwing net      |       |       |     2 |     3 |     2 ||     7
       Dart              |       |       |       |       |     1 ||     1
Invok: Call Merchant     |       |       |       |     2 |       ||     2
       Potion Petition   |       |       |       |     1 |       ||     1
Evoke: Wand              |       |       |     7 |    22 |    15 ||    44
  Use: Potion            |       |     1 |     1 |     5 |     2 ||     9
       Scroll            |       |    11 |    13 |    11 |     5 ||    40
 Stab: Paralysed         |       |       |       |    10 |     2 ||    12
       Held in net/web   |       |       |       |     2 |       ||     2
       Distracted        |       |       |       |     1 |     2 ||     3
Armor: Scale mail        |    34 |    54 |   114 |       |       ||   202
       Chain mail        |       |       |    55 |   460 |   258 ||   773
Dodge: Dodged            |    34 |    46 |    98 |   249 |   130 ||   557
Block: Buckler           |    20 |    23 |    59 |   257 |   136 ||   495
